AoeStats
← Bonea

Arabia

507980663Analyzed
4v4 RM · 11d ago on Sep 20, 2026· 20m 22s· 8 players
Game mode
Random Map
Map size
Large (8 player)
Population
200
Speed
Normal
Resources
Standard
Victory
Conquest
Starting age
Dark Age
Ending age
Imperial Age
RankedLock teamsTeams togetherTeam positionsShared explorationLock speedFull tech treeHidden civsTurbo modeCheats
Victory
Defeat
🇩🇪 Turks · Germany
1279
+15
🇨🇳 Maya · China
1276
+15
🇨🇳 Chinese · China
1275
+15
🇮🇳 Georgians · India
1267
+15
🇹🇷 Poles · Türkiye
1299
-17
🇫🇷 Vietnamese · France
1260
-15
🇩🇪 Khitans · Germany
1253
-15
🇧🇷 Franks · Brazil
1212
-13
4♚Dreams
10:48 Feudal Age
11:45 Double-Bit Axe
12:25 Horse Collar
14:41 Scale Barding Armor
15:35 Loom
17:35 Gold Mining
19:00 Bloodlines
reuellemos29
7:49 Loom
9:56 Feudal Age
10:40 Double-Bit Axe
psrycc
0:34 Loom
11:50 Feudal Age
15:38 Scale Mail Armor
20:28 Castle Age
20:21 Double-Bit Axe
Bonea
0:38 Loom
10:26 Feudal Age
11:24 Double-Bit Axe
13:41 Fletching
14:26 Horse Collar
16:43 Padded Archer Armor
22:35 Castle Age
Sawyer
6:51 Loom
9:41 Feudal Age
10:45 Double-Bit Axe
10:43 Horse Collar
19:35 Forging
19:32 Scale Barding Armor
fairoz05329
10:12 Feudal Age
10:59 Double-Bit Axe
13:14 Horse Collar
17:14 Fletching
17:24 Padded Archer Armor
MattVini
2:51 Loom
10:05 Feudal Age
10:36 Double-Bit Axe
14:46 Scale Barding Armor
sauer82
6:35 Loom
9:26 Feudal Age
10:04 Double-Bit Axe
11:53 Forging
17:46 Scale Barding Armor
21:49 Castle Age
Connection lost

Rejoining the realm…

Still unreachable

The connection could not be restored.

Session expired

The server has moved on; the page needs a fresh start.